 Dungeon Crawl Stone Soup version 0.27.1-34-g3ba077fa99 (webtiles) character file.

Game seed: 29048829275874692

3426 Cykl0x the Slasher (level 10, -2/58 HPs)
             Began as a Gargoyle Gladiator on Jan 9, 2022.
             Was a Follower of the Shining One.
             Slain by a warg (7 damage)
             ... on level 8 of the Dungeon.
             The game lasted 00:18:47 (8446 turns).

Cykl0x the Slasher (Gargoyle Gladiator)             Turns: 8446, Time: 00:18:47

Health: -2/58      AC: 18    Str: 21    XL:     10   Next: 5%
Magic:  0/17       EV: 11    Int: 15    God:    the Shining One [*.....]
Gold:   216        SH:  0    Dex: 11    Spells: 16/18 levels left

rFire    + . .     SeeInvis .   D - +3 long sword
rCold    . . .     Faith    .   (no shield)
rNeg     + . .     Spirit   +   B - +2 scale mail {rF+}
rPois    ∞         Reflect  .   c - +0 helmet
rElec    +         Harm     .   (no cloak)
rCorr    .         Rampage  .   (no gloves)
Will     .....                  (no boots)
Stlth    ..........             f - amulet of guardian spirit
HPRegen  0.19/turn              E - +6 ring of intelligence
MPRegen  0.15/turn              (no ring)

@: wereblooded, glowing
A: sickness immunity, AC +7, negative energy resistance 1, electricity
resistance, torment resistance 1, petrification resistance
a: Renounce Religion


You were on level 8 of the Dungeon.
You worshipped the Shining One.
The Shining One was aware of your devotion.
You visited 2 branches of the dungeon, and saw 9 of its levels.

You collected 380 gold pieces.
You spent 164 gold pieces at shops.

Inventory:

Hand Weapons
 a - a +1 vorpal long sword
 D - a +3 long sword (weapon)
Missiles
 e - 6 boomerangs
 k - 269 stones
 q - a throwing net
 y - 2 curare-tipped darts (quivered)
 A - 20 poisoned darts
Armour
 b - a +0 leather armour
 c - a +0 helmet (worn)
 g - a +2 scale mail of poison resistance
 i - a +0 kite shield
 j - a +0 ring mail
 B - a +2 scale mail of fire resistance (worn)
 C - +0 steam dragon scales
Jewellery
 f - an amulet of guardian spirit (around neck)
 E - a +6 ring of intelligence (left hand)
Wands
 d - a wand of flame (15)
Scrolls
 h - 3 scrolls of enchant armour
 m - 4 scrolls of amnesia
 n - a scroll of enchant weapon
 r - a scroll of brand weapon
 F - 2 scrolls of magic mapping
 H - a scroll of silence {unknown}
 I - a scroll of blinking
Potions
 l - a potion of curing
 o - 2 potions of attraction
 p - 2 potions of haste {unknown}
 t - a potion of brilliance {unknown}
 u - a potion of lignification {unknown}
 v - a potion of degeneration {unknown}
 w - a potion of berserk rage {unknown}
 x - 3 potions of flight {unknown}
 z - a potion of invisibility {unknown}
 G - 2 potions of magic {unknown}


   Skills:
 + Level 4.7 Fighting
 + Level 7.3 Long Blades
 + Level 3.3 Throwing
 + Level 6.0 Armour
 + Level 3.6 Dodging
 * Level 4.9 Spellcasting
 + Level 0.1 Conjurations
 * Level 4.2 Transmutations
 * Level 3.3 Invocations
 + Level 0.3 Evocations


You had 16 spell levels left.
You knew the following spells:

 Your Spells              Type           Power      Damage    Failure   Level
a - Wereblood             Tmut           16%        N/A       11%         2

Your spell library contained the following spells:

 Spells                   Type           Power      Damage    Failure   Level
 Static Discharge         Conj/Air       3%         N/A       52%         2
 Ozocubu's Armour         Ice            3%         N/A       77%         3
 Dispel Undead            Necr           3%         3d7       99%         4
 Olgreb's Toxic Radiance  Pois           3%         N/A       99%         4
 Sticky Flame             Conj/Fire      3%         2d3       99%         4
 Metabolic Englaciation   Hex/Ice        1%         N/A       100%        5
 Simulacrum               Ice/Necr       1%         N/A       100%        6
 Ozocubu's Refrigeration  Ice            1%         4d5       100%        7
 Summon Hydra             Summ           1%         N/A       100%        7
 Ignition                 Fire           1%         3d3       100%        8
 Sublimation of Blood     Necr           Unusable   N/A       N/A         2

Dungeon Overview and Level Annotations

Branches:
Dungeon (8/15)             Temple (1/1) D:7
   Lair: D:8-11

Altars:
Ashenzari
Cheibriados
Dithmenos
Elyvilon
Fedhas
Gozag
Hepliaklqana
Kikubaaqudgha
Makhleb
Nemelex Xobeh
Okawaru
Ru
Sif Muna
Trog
Uskayaw
Vehumet
Wu Jian
Yredelemnul
Zin
The Shining One

Shops:
D:2 (   D:4 !:*=(   D:7 ?


Innate Abilities, Weirdness & Mutations

You are immune to sickness and miasma.
Your stone body is resilient. (AC +7)
You are immune to poison.
You resist negative energy. (rN+)
You are resistant to electric shocks. (rElec)
You are resistant to unholy torment.
You are immune to petrification.


Message History

Your scale mail prevents you from hitting the water moccasin.
The water moccasin is lightly wounded.
The warg bites you. The warg barely misses you.
You riposte.
You hit the warg but do no damage.
The warg is moderately wounded.
The water moccasin closely misses you.
The orc wizard hits you with a +0 dagger.
* * * LOW HITPOINT WARNING * * *
The warg closely misses you.
You feel much better. The warg closely misses you.
A warg comes into view.
The water moccasin bites you but does no damage.
The warg closely misses you.
The orc wizard hits you but does no damage.
The warg bites you but does no damage.
The warg howls!
You slash the orc wizard!
The orc wizard is almost dead.
The water moccasin bites you but does no damage.
The warg bites you. The warg bites you but does no damage.
The orc wizard hits you but does no damage.
The water moccasin bites you but does no damage.
You slash the orc wizard!
You feel a bit better.
You kill the orc wizard!
Reactivating autopickup.
The warg bites you! x2
The orc priest calls down the wrath of Beogh upon you.
Beogh smites you!
The water moccasin bites you but does no damage.
The warg bites you but does no damage.
Your Armour skill increases to level 6!
You slash the orc!
You feel a bit better.
You kill the orc!
The warg bites you but does no damage.
The water moccasin bites you but does no damage.
The orc priest calls down the wrath of Beogh upon you.
Beogh smites you!
* * * LOW HITPOINT WARNING * * *
The warg bites you!
You die...

#..........###...#.#..
#[...........<....#..
##.........#####...###
#..........# ##.....
#..........# #.##..
#..........### #.....
#............# ######
###...h....!...##
......S@........####
.####o)h......#....#####
#..o###....####.....#
#.... #...... #####..
#..... ##...##. ###
#..... #...# .. ...(...
#...# ..... /...... #...
..... .....


You could see 2 wargs, a water moccasin, an orc priest and an orc.

Vanquished Creatures
  Joseph (D:7)
  Grinder (D:3)
  Prince Ribbit (D:8)
  A wraith (D:6)
  A steam dragon (D:7)
  2 sky beasts
  3 orc warriors
  A necrophage (D:6)
  4 ogres
  A centaur (D:6)
  2 kobold brigands
  A phantom (D:7)
  3 bullfrogs
  A scorpion (D:4)
  A water moccasin skeleton (D:4)
  3 killer bees
  3 wights (D:7)
  A bullfrog zombie (D:3)
  2 centaur zombies
  A hound (D:5)
  An orc priest (D:8)
  A bullfrog skeleton (D:6)
  Ijyb (D:5)
  Terence (D:3)
  Natasha (thrice) (D:3)
  2 orc wizards (D:8)
  A howler monkey zombie (D:5)
  10 gnolls
  2 howler monkey skeletons
  8 adders
  A white imp (D:8)
  2 ufetubi
  3 worms
  3 dart slugs
  16 orcs
  8 bats
  2 endoplasms
  A giant cockroach (D:4)
  15 goblins
  5 hobgoblins
  7 jackals
  3 quokkas
  2 ball pythons
  A frilled lizard (D:3)
  18 kobolds
  4 rats
155 creatures vanquished.

Notes
Turn   | Place    | Note
-------+----------+-------------------------------------------
     0 | D:1      | Cykl0x the Gargoyle Gladiator began the quest for the Orb.
     0 | D:1      | Reached XP level 1. HP: 12/12 MP: 1/1
   197 | D:1      | Reached XP level 2. HP: 17/17 MP: 2/2
   723 | D:2      | Reached skill level 3 in Long Blades
   799 | D:2      | Reached XP level 3. HP: 19/21 MP: 3/3
   935 | D:2      | Learned a level 2 spell: Wereblood
   965 | D:2      | Reached skill level 1 in Armour
  1067 | D:2      | Found Areunumm's Antique Weapon Shoppe.
  1634 | D:3      | Reached skill level 1 in Spellcasting
  1634 | D:3      | Reached XP level 4. HP: 6/27 MP: 3/5
  1972 | D:3      | Found a faded altar of an unknown god.
  2061 | D:3      | Reached XP level 5. HP: 14/31 MP: 4/7
  2147 | D:3      | Noticed Natasha
  2163 | D:3      | Killed Natasha
  2343 | D:3      | Noticed Natasha
  2354 | D:3      | Killed Natasha
  2454 | D:3      | Noticed Grinder
  2464 | D:3      | Paralysed by Grinder for 6 turns
  2509 | D:3      | Paralysed by Grinder for 7 turns
  2519 | D:3      | Killed Grinder
  2520 | D:3      | Reached skill level 4 in Long Blades
  2520 | D:3      | Reached skill level 1 in Transmutations
  2520 | D:3      | Reached XP level 6. HP: 8/36 MP: 7/9
  2761 | D:3      | Found an ancient bone altar of Kikubaaqudgha.
  2859 | D:3      | Noticed Natasha
  2868 | D:3      | Killed Natasha
  2981 | D:3      | Found a blossoming altar of Fedhas.
  3084 | D:3      | Noticed Terence
  3135 | D:3      | Killed Terence
  3136 | D:3      | Reached XP level 7. HP: 5/40 MP: 7/10
  3434 | D:3      | Found a sacrificial altar of Ru.
  3477 | D:3      | Found a bloodstained altar of Trog.
  4028 | D:4      | Found Rojoreom's Antique Weapon Shoppe.
  4144 | D:4      | Found Fuqeoc's Jewellery Boutique.
  4205 | D:4      | Found Dask's Assorted Antiques.
  4234 | D:4      | Found Gomig's Book Shop.
  4235 | D:4      | Bought a scroll labelled ROFIRR TEGEGH for 23 gold pieces
  4235 | D:4      | Bought a scroll labelled DEITZI YZUI for 23 gold pieces
  4235 | D:4      | Bought a scroll labelled ELYADGH UC EDD for 23 gold pieces
  4235 | D:4      | Bought a scroll labelled ROFIRR TEGEGH for 23 gold pieces
  4235 | D:4      | Bought a golden potion for 20 gold pieces
  4301 | D:4      | Found Mocet's Distillery.
  4305 | D:4      | Found an ornate altar of the Wu Jian Council.
  4614 | D:5      | Entered Level 5 of the Dungeon
  4735 | D:5      | Reached skill level 5 in Long Blades
  4735 | D:5      | Reached XP level 8. HP: 46/46 MP: 8/12
  4879 | D:5      | Noticed Ijyb
  4902 | D:5      | Killed Ijyb
  5066 | D:5      | Identified the +4 leather armour "Cumoon" {Drain rPois
                  | rC+++ rCorr Int-4}
  5171 | D:5      | Found a glowing silver altar of Zin.
  5624 | D:6      | Found an iron altar of Okawaru.
  5625 | D:6      | Found a snail-covered altar of Cheibriados.
  5883 | D:6      | Reached skill level 6 in Long Blades
  6009 | D:6      | Noticed a wraith
  6021 | D:6      | Killed a wraith
  6477 | D:7      | Reached XP level 9. HP: 39/52 MP: 9/15
  6572 | D:7      | Reached skill level 5 in Armour
  6595 | D:7      | Found a staircase to the Ecumenical Temple.
  6602 | Temple   | Entered the Ecumenical Temple
  6609 | Temple   | Became a worshipper of the Shining One
  6660 | D:7      | Noticed Joseph
  6681 | D:7      | Killed Joseph
  6682 | D:7      | Reached skill level 1 in Invocations
  7070 | D:7      | Found Icsozxur's Magic Scroll Boutique.
  7074 | D:7      | Bought a scroll of magic mapping for 52 gold pieces
  7381 | D:7      | Found an opulent altar of Gozag.
  7748 | D:8      | Reached skill level 7 in Long Blades
  7761 | D:8      | HP: 2/52 [orc warrior (9)]
  8048 | D:8      | Noticed Prince Ribbit
  8074 | D:8      | Killed Prince Ribbit
  8310 | D:8      | Reached XP level 10. HP: 58/58 MP: 17/17
  8332 | D:8      | Found a hide-covered altar of Uskayaw.
  8332 | D:8      | Noticed a +0 hand axe
  8332 | D:8      | Noticed a +0 hand axe
  8369 | D:8      | Reached * piety under the Shining One
  8446 | D:8      | Slain by a warg

Illustrated notes

Levels and vault maps discovered:
D:1:      elethiomel_arrival_infinity_welcomes_careful_drivers,
          layout_loops_cross
D:2:      layout_loops_ring, serial_shops, shop
D:3:      layout_rooms, nicolae_overflow_hidden_temple, lemuel_doored_altar,
          dreamdust_ecumenical_altar_statues, uniq_grinder, uniq_terence,
          uniq_natasha
D:4:      layout_loops_cross, mainiacjoe_overflow_cross_hatched, serial_shops,
          nicolae_shop_stone, nicolae_take_the_stairs, shop,
          nicolae_shop_crystal, kennysheep_mini
D:5:      layout_basic, zin_treasury, uniq_ijyb
D:6:      layout_layer_cave, chequers_temple_overflow_statue_of_worship
D:7:      layout_basic, grunt_gozag_breadcrumbs, minmay_temple_entry_hall,
          serial_shops, shop, corexii_item_surrounded_by_moat, uniq_joseph
D:8:      layout_rooms, dancing_weapons_uskayaw, erik_lair_orcish_takeover,
          minmay_misc_feat_alley, uniq_prince_ribbit1
Temple:   nicolae_temple_x_marks_the_god

Skill      XL: |  1  2  3  4  5  6  7  8  9 10 |
---------------+-------------------------------+-----
Long Blades    | 3 4 5 6 7 |  7.3
Armour         | 1 3 4 5 6 |  6.0
Throwing       | 2 3 |  3.3
Spellcasting   | 1 2 3 4 |  4.9
Dodging        | 3 |  3.6
Transmutations | 1 2 3 4 |  4.2
Fighting       | 3 4 |  4.7
Invocations    | 3 |  3.3
Conjurations   | |  0.1
Evocations     | |  0.3

Action                   |  1- 3 |  4- 6 |  7- 9 | 10-12 || total
-------------------------+-------+-------+-------+-------++-------
Melee: Long sword        |    75 |   149 |   349 |    19 ||   592
Throw: Stone             |     9 |     6 |       |       ||    15
       Throwing net      |     1 |     2 |     1 |       ||     4
       Boomerang         |       |     3 |    16 |       ||    19
       Dart              |       |       |    25 |       ||    25
 Cast: Wereblood         |       |     7 |    17 |     1 ||    25
Evoke: Wand              |       |       |     2 |       ||     2
  Use: Potion            |       |     3 |     1 |     1 ||     5
       Scroll            |       |       |    10 |       ||    10
 Stab: Held in net/web   |       |     3 |       |       ||     3
Armor: Leather armour    |    11 |       |       |       ||    11
       Ring mail         |    19 |    95 |     3 |       ||   117
       Scale mail        |       |       |   206 |    32 ||   238
Dodge: Dodged            |    57 |    98 |   220 |    31 ||   406
       Rpst.: Long sword |    18 |    26 |    61 |     7 ||   112
